 Dungeon Crawl Stone Soup version 0.30-b1-2-g02819fbbbe (webtiles) character file.

Game seed: 3771795610956094468

8 mooncake the Vexing (level 2, 21/21 HPs)
             Began as a Demonspawn Hexslinger on Dec 11, 2023.
             Quit the game on level 1 of the Dungeon.
             The game lasted 00:04:40 (192 turns).

mooncake the Vexing (Demonspawn Hexslinger)          Turns: 192, Time: 00:04:40

Health: 21/21      AC:  2    Str: 10    XL:     2   Next: 0%
Magic:  3/3        EV: 12    Int: 14    God:
Gold:   21         SH:  4    Dex: 13    Spells: 2/3 levels left

rFire   . . .        a - +1 sling
rCold   . . .        (no shield)
rNeg    . . .        c - +0 robe
rPois   .            (no helmet)
rElec   .            (no cloak)
rCorr   .            (no gloves)
SInv    .            (no boots)
Will    .....        (no amulet)
Stlth   +            (no ring)
HPRegen 0.23/turn    (no ring)
MPRegen 0.08/turn

%: no passive effects
@: no status effects
A: condensation shield
a: no special abilities


You were on level 1 of the Dungeon.
You visited 1 branch of the dungeon, and saw 1 of its levels.

You collected 21 gold pieces.

Inventory:

Hand Weapons
 a - a +1 sling (weapon)
Armour
 c - a +0 robe (worn)
Scrolls
 b - a scroll of poison
 f - a scroll of enchant armour {unknown}
Potions
 d - 2 potions of magic {unknown}
 e - a potion of curing {unknown}


   Skills:
 + Level 1.0 Fighting
 + Level 2.0 Ranged Weapons
 + Level 2.0 Dodging
 + Level 1.0 Spellcasting
 + Level 3.2 Hexes


You had 2 spell levels left.
You knew the following spells:

 Your Spells              Type           Power      Damage    Failure   Level
a - Slow                  Hex            36%        N/A       7%          1

Your spell library contained the following spells:

 Spells                   Type           Power      Damage    Failure   Level
 Inner Flame              Hex/Fire       5%         N/A       38%         3
 Portal Projectile        Hex/Tloc       10%        N/A       38%         3
 Cause Fear               Hex            4%         N/A       56%         4


Dungeon Overview and Level Annotations

Branches:
Dungeon (1/15)

Altars:


Innate Abilities, Weirdness & Mutations

A meltable shield of frost defends you. (SH +4)


Message History

Unknown command.
Unknown command.
Unknown command.
You see here 2 emerald potions.
You see here 2 emerald potions.
You see here 2 emerald potions.
d - 2 emerald potions
There are no items here.
There are no items here.
An endoplasm comes into view.
The endoplasm quivers.
The endoplasm freezes you.
You are frozen.
You shoot a sling bullet. The sling bullet hits the endoplasm.
The endoplasm is severely wounded.
The endoplasm closely misses you.
You shoot a sling bullet. The sling bullet hits the endoplasm.
You kill the endoplasm!
Your Ranged Weapons skill increases to level 2!
A kobold comes into view. It is wielding a +0 short sword.
You shoot a sling bullet. The sling bullet hits the kobold.
You kill the kobold!
You have reached level 2!
Your demonic ancestry asserts itself...
Frost condenses into a shield before you.
Things that are here:
a +0 short sword; a stone
Things that are here:
a +0 short sword; a stone
Things that are here:
a +0 short sword; a stone
Things that are here:
a +0 short sword; a stone
Okay, then.
Aiming: Slow (safe; 7% risk of failure)
Press: ? - help, Q - select action, (/) - cycle Shift-Dir - straight line
Okay, then.
Unknown command.
Unknown command.
Are you sure you want to abandon this character and quit the game? (Confirm with "yes".)

###......###.#####
#.# ##...........
#.# #...........#
#.# #..###.####.#
#.# #..# #.# #.#
#.# #..# #.# #.#
#.# #..# #.# #.#
#.# #..# #.# #.#
#@# #..# #.# #.#
#.####..###.# #..
#...........# ###
#############


There were no monsters in sight!

Vanquished Creatures
  A dart slug (D:1)
  An endoplasm (D:1)
  A ball python (D:1)
  A bat (D:1)
  2 kobolds (D:1)
  A rat (D:1)
7 creatures vanquished.

Notes
Turn   | Place    | Note
-------+----------+-------------------------------------------
     0 | D:1      | mooncake the Demonspawn Hexslinger began the quest for the
                  | Orb.
     0 | D:1      | Reached XP level 1. HP: 15/15 MP: 2/2
   173 | D:1      | Gained mutation: A meltable shield of frost defends you.
                  | (SH +4) [demonic ancestry]
   173 | D:1      | Reached XP level 2. HP: 19/21 MP: 3/3
   192 | D:1      | Quit the game

Illustrated notes

Levels and vault maps discovered:
D:1:      matt_arrival_diagonals, layout_basic

Skill      XL: |  1 |
---------------+----+-----
Dodging        | 2 |  2.0
Ranged Weapons | 2 |  2.0
Fighting       | |  1.0
Spellcasting   | |  1.0
Hexes          | |  3.2

Action                     || total
---------------------------++-------
   Fire: Sling             ||    13
 Armour: Robe              ||     4
  Dodge: Dodged            ||    12
